 Dungeon Crawl Stone Soup version 0.20-a0-1017-gc3250ce (webtiles) character file.

61 George the Slasher (level 3, -1/28 HPs)
             Began as a Demonspawn Gladiator on Apr 16, 2017.
             Slain by Terence
             ... wielding a +0 flail
              (6 damage)
             ... on level 2 of the Dungeon.
             The game lasted 00:02:22 (1800 turns).

George the Slasher (Demonspawn Gladiator)           Turns: 1800, Time: 00:02:23

Health: -1/28      AC:  3    Str: 20    XL:     3   Next: 83%
Magic:  3/3        EV: 13    Int:  9    God:
Gold:   48         SH:  0    Dex: 14    Spells: 2/2 levels left

rFire    . . .     SeeInvis .   a - +0 long sword
rCold    . . .     Gourm    .   (no shield)
rNeg     . . .     Faith    .   b - +0 leather armour
rPois    .         Spirit   .   (helmet restricted)
rElec    .         Reflect  .   (no cloak)
rCorr    .         Harm     .   (no gloves)
MR       .....                  (no boots)
Stlth    +.........             (no amulet)
Regen    0.1/turn               (no ring)
MPRegen  0.1/turn               (no ring)

@: mighty, lethally poisoned (-1 -> -4)
A: antennae 1, powered by pain 1
a: no special abilities


You were on level 2 of the Dungeon.
You were not hungry.

You visited 1 branch of the dungeon, and saw 2 of its levels.

You collected 48 gold pieces.

Inventory:

Hand Weapons
 a - a +0 long sword (weapon)
 n - a +2 short sword of flaming
Missiles
 d - 3 throwing nets
 j - 7 javelins (quivered)
Armour
 b - a +0 leather armour (worn)
Scrolls
 e - a scroll of fog {unknown}
 g - a scroll of magic mapping {unknown}
 k - a scroll of enchant armour {unknown}
 m - a scroll of immolation {unknown}
Potions
 c - a potion of resistance
 l - a potion of magic
Comestibles
 f - 2 bread rations
 o - a meat ration
 q - 2 chunks of flesh


   Skills:
 + Level 2.4 Fighting
 * Level 3.3 Long Blades
 + Level 2.1 Throwing
 + Level 1.2 Armour
 + Level 3.0 Dodging


You had 2 spell levels left.
You didn't know any spells.

Dungeon Overview and Level Annotations

Branches:
Dungeon (2/15)

Altars:

Annotations:
D:2 Terence


Innate Abilities, Weirdness & Mutations

You have a pair of small antennae on your head.
You sometimes gain a little power by taking damage.


Message History

You closely miss the adder.
The adder is moderately wounded.
The adder bites you.
* * * LOW HITPOINT WARNING * * *
You barely miss the adder.
The adder is moderately wounded.
The adder closely misses you.
You riposte.
You closely miss the adder.
The adder is moderately wounded.
You miss the adder.
The adder is moderately wounded.
You feel sick. The adder closely misses you.
You riposte.
You closely miss the adder.
The adder is moderately wounded.
The adder bites you but does no damage.
You slash the adder!
You kill the adder!
You barely miss Terence.
Terence is lightly wounded.
Terence hits you with a flail.
You die...

###.##)###..##... #
#....)....>.##... #.
#.#.##.###.......
#..##.#.##.###......#
#...................#
#.###.#.######......#
#. #.#...........(.#
#.###.#####..####.#..
#..@@.# #..# #.#.#
#..#### #..# #....
#..# ##..####.#..
#..# ###...........
#..# #........#.#..
#..# #.............
#..#####........#.#.#
#%.)................#
.....###........#.###


You could see Terence.

Vanquished Creatures
  3 adders (D:2)
  2 dart slugs (D:1)
  2 giant cockroaches
  5 goblins
  3 hobgoblins (D:2)
  3 kobolds (D:2)
  A ball python (D:1)
  4 bats
  3 frilled lizards
  5 rats
31 creatures vanquished.

Notes
Turn   | Place    | Note
-------+----------+-------------------------------------------
     0 | D:1      | George the Demonspawn Gladiator began the quest for the Orb.
     0 | D:1      | Reached XP level 1. HP: 16/16 MP: 1/1
   174 | D:1      | Gained mutation: You have a pair of small antennae on your head. [demonic ancestry]
   174 | D:1      | Reached XP level 2. HP: 21/22 MP: 2/2
  1031 | D:2      | Reached skill level 1 in Armour
  1034 | D:2      | Gained mutation: You sometimes gain a little power by taking damage. [demonic ancestry]
  1034 | D:2      | Reached XP level 3. HP: 17/28 MP: 3/3
  1771 | D:2      | Noticed Terence
  1800 | D:2      | Slain by Terence

Vault maps used:
D:1:      lemuel_arrival_room, kennysheep_decorative_pillar
D:2:      uniq_terence

Skill      XL: |  1  2  3 |
---------------+----------+-----
Throwing       | 2 |  2.1
Long Blades    | 3 |  3.3
Armour         | 1 |  1.2
Dodging        | 3 |  3.0
Fighting       | |  2.4

Action                   || total
-------------------------++-------
Melee: Long sword        ||    86
  Use: Scroll            ||     4
       Potion            ||     2
 Stab: Sleeping          ||     1
  Eat: Chunk             ||     3
Armor: Leather armour    ||    30
Dodge: Dodged            ||    62
       Rpst.: Long sword ||    21
